 Dungeon Crawl Stone Soup version 0.20-a0-1086-g4bd2f5b (webtiles) character file.

223 DevlanMud the Skirmisher (level 5, -2/55 HPs)
             Began as a Troll Chaos Knight on May 1, 2017.
             Slain by a small abomination (12 damage)
             ... summoned by the capriciousness of Xom
             ... on level 4 of the Dungeon.
             The game lasted 00:05:34 (2266 turns).

DevlanMud the Skirmisher (Troll Chaos Knight)       Turns: 2266, Time: 00:05:35

Health: -2/55      AC:  7    Str: 19 (20) XL:     5   Next: 66%
Magic:  0/4        EV: 10    Int:  5 (6)  God:    Xom [*.....]
Gold:   185        SH:  0    Dex:  9 (10) Spells: 4/4 levels left

rFire    . . .     SeeInvis .     - Unarmed
rCold    . . .     Gourm    +   (no shield)
rNeg     . . .     Faith    .   a - +2 robe
rPois    .         Spirit   +   (helmet restricted)
rElec    .         Reflect  .   (no cloak)
rCorr    .         Harm     .   (gloves unavailable)
MR       .....                  (boots unavailable)
Stlth    +.........             t - amulet of guardian spirit
Regen    0.6/turn               (no ring)
MPRegen  0.1/turn               (no ring)

@: very slightly contaminated
A: unfitting armour, claws 3, deterioration 1, dopey 1, fast metabolism 3,
gourmand, regeneration 1, shaggy fur 1, tough skin 2
a: Renounce Religion


You were on level 4 of the Dungeon.
You worshipped Xom.
You were a special plaything of Xom.
You were completely stuffed.

You visited 1 branch of the dungeon, and saw 4 of its levels.

You collected 185 gold pieces.

Inventory:

Armour
 a - a +2 robe (worn)
Jewellery
 t - an amulet of guardian spirit (around neck)
Wands
 q - a wand of acid (8/15)
 v - a wand of polymorph (11/24)
Scrolls
 c - a scroll of immolation
 e - 2 scrolls of remove curse
 g - 3 scrolls of identify
 l - a scroll of enchant weapon {unknown}
 m - a scroll of magic mapping {unknown}
 n - a scroll of teleportation {unknown}
 o - a scroll of fog {unknown}
Potions
 f - 3 potions of might
 k - a potion of curing
 p - a potion of magic {unknown}
 r - a potion of cancellation {unknown}
 s - a potion of haste {unknown}
 u - a potion of flight {unknown}
Comestibles
 b - 3 bread rations
 d - 2 chunks of flesh
 h - 2 fruits
 j - 2 meat rations


   Skills:
 * Level 4.5 Fighting
 - Level 1.9 Dodging
 + Level 4.4 Unarmed Combat


You had 4 spell levels left.
You didn't know any spells.

Dungeon Overview and Level Annotations

Branches:
Dungeon (4/15)
 Temple: D:4-7

Altars:
Cheibriados
Gozag
Nemelex Xobeh
Zin

Annotations:
D:4 Sigmund


Innate Abilities, Weirdness & Mutations

You are too large for most types of armour.
You have claws for hands.
Your metabolism is lightning-fast.
You like to eat raw meat.
Your natural rate of healing is unusually fast.
You are covered in fur. (AC +1)
You have very tough skin. (AC +2)
Your body sometimes deteriorates upon taking damage.
You are dopey. (Int -2)


Message History

Sigmund flickers and vanishes!
Deactivating autopickup; reactivate with Ctrl-A.
The small abomination barely misses you.
The small abomination hits you but does no damage.
You claw the small abomination!
The small abomination is almost destroyed.
The small abomination hits you!
Your body deteriorates!
You feel dopey.
You barely miss the small abomination.
The small abomination is almost destroyed.
The small abomination hits you! x2
* * * LOW HITPOINT WARNING * * *
Your body deteriorates!
You feel clumsy.
You scratch the small abomination.
You destroy the small abomination!
The small abomination hits you!
* * * LOW HITPOINT WARNING * * *
The small abomination hits you!
* * * LOW MAGIC WARNING * * *
You die...

##.## #.##..##.# #(##.#
##.<.## #.##..##[###.#..#
###....รท###...)..........##
................#.####...#
#.......###.>#..#.# #...#
#.##............#.####...#
#. ##.#####..##....[.....#
#. ### #..##.#........# #. #
#.....@..###...# #.#.##
##.##x#..# #...# %..#.
#.##x##.###.^## #.$.
#....##......#
##.#########..####......#
.......@..##..####......#
##.######.##.....x......#
#.# ##.####.....## #.#
#.###.####.....#


You could see 2 small abominations.

Vanquished Creatures
  Jessica (D:2)
  3 worker ants (D:4)
  4 adders
  An ooze (D:1)
  An adder zombie (D:3)
  2 dart slugs
  3 worms
  A leopard gecko (D:2)
  An orc (D:4)
  8 bats
  6 goblins
  6 hobgoblins
  10 jackals
  7 kobolds
  3 quokkas
  2 ball pythons (D:4)
  7 frilled lizards
  8 rats
74 creatures vanquished.

Notes
Turn   | Place    | Note
-------+----------+-------------------------------------------
     0 | D:1      | DevlanMud the Troll Chaos Knight began the quest for the Orb.
     0 | D:1      | Reached XP level 1. HP: 22/22 MP: 0/0
   107 | D:1      | Reached XP level 2. HP: 27/29 MP: 1/1
   227 | D:1      | XOM: smoke on damage
   282 | D:1      | XOM: divination: detect items
   376 | D:1      | XOM: harmless Fire miscast
   497 | D:1      | XOM: god gift: meat ration
   519 | D:1      | XOM: medium Necr miscast
   608 | D:2      | XOM: noise
   616 | D:2      | Reached XP level 3. HP: 37/37 MP: 2/2
   751 | D:2      | Found a snail-covered altar of Cheibriados.
   751 | D:2      | Found a sparkling altar of Nemelex Xobeh.
   841 | D:2      | Noticed Jessica
   842 | D:2      | Reached XP level 4. HP: 45/45 MP: 3/3
   852 | D:2      | Killed Jessica
   995 | D:3      | XOM is BORED!
   995 | D:3      | XOM: give mutations
   995 | D:3      | Gained mutation: Your body sometimes deteriorates upon taking damage. [Xom's mischief]
   995 | D:3      | Lost mutation: Your body sometimes deteriorates upon taking damage. [Xom's mischief]
  1025 | D:3      | XOM: cloud trail
  1079 | D:3      | XOM: 1-stop teleportation journey
  1147 | D:3      | XOM: 3-stop teleportation journey
  1320 | D:3      | Found a glowing silver altar of Zin.
  1320 | D:3      | Found an opulent altar of Gozag.
  1390 | D:3      | XOM: harmless Chrm miscast
  1655 | D:3      | XOM: give mutations
  1655 | D:3      | Gained mutation: You are dopey. (Int -2) [Xom's mischief]
  1655 | D:3      | Gained mutation: Your body sometimes deteriorates upon taking damage. [Xom's mischief]
  1739 | D:4      | Reached XP level 5. HP: 44/54 MP: 2/4
  2065 | D:4      | XOM: medium Chrm miscast
  2214 | D:4      | Noticed Sigmund
  2229 | D:4      | XOM is BORED!
  2229 | D:4      | XOM: medium Summ miscast
  2230 | D:4      | Noticed a small abomination
  2230 | D:4      | Noticed a small abomination
  2266 | D:4      | Slain by a small abomination

Vault maps used:
D:1:      saegor_arrival_simple_e
D:2:      minitemple, uniq_jessica
D:3:      grunt_temple_overflow_gold_and_silver
D:4:      first_bread, uniq_sigmund

Skill      XL: |  1  2  3  4 |
---------------+-------------+-----
Fighting       | 3 4 |  4.5
Unarmed Combat | 4 |  4.4
Dodging        | |  1.9

Action                   |  1- 3 |  4- 6 || total
-------------------------+-------+-------++-------
Melee: Unarmed           |    83 |   111 ||   194
  Use: Scroll            |     2 |     4 ||     6
       Potion            |     1 |       ||     1
 Stab: Sleeping          |       |     1 ||     1
  Eat: Chunk             |    13 |    13 ||    26
Armor: Robe              |    41 |    48 ||    89
Dodge: Dodged            |    37 |    62 ||    99
